 Dungeon Crawl Stone Soup version 0.14-a0-1546-g4b4961f (webtiles) character file.

284 4tharraofdagon the Twirler (level 5, -4/63 HPs)
             Began as a Demigod Gladiator on Dec 18, 2013.
             Killed by divine providence
             ... invoked by an orc priest
              (17 damage)
             ... on Level 4 of the Dungeon.
             The game lasted 00:06:37 (1264 turns).

4tharraofdagon the Twirler (Demigod Gladiator)      Turns: 1264, Time: 00:06:38

HP  -4/63        AC 23     Str 20      XL: 5   Next:  7%
MP   8/8         EV  1     Int 12      God:
Gold 109         SH  0     Dex 17      Spells:  0 memorised,  4 levels left

rFire  . . .     SeeInvis .     a - +1 quarterstaff
rCold  . . .     Clarity  .     b - melded +0 leather armour
rNeg   + + +     Conserve .     (no shield)
rPois  +         rCorr    .     c - +0 helmet
rElec  .         rRot     .     m - melded +2 cloak (curse)
SustAb . .       Spirit   .     (gloves currently unavailable)
rMut   .         Warding  .     (boots currently unavailable)
Saprov . . .     NoTele   +     (no amulet)
                                (no ring)
                                (no ring)

@: tree-form, slightly resistant to hostile enchantments, unstealthy
A: no striking features
a: no special abilities


You were on level 4 of the Dungeon.
You were not hungry.
You were an animated tree.
You visited 1 branch of the dungeon, and saw 5 of its levels.

You collected 109 gold pieces.

Inventory:

Hand weapons
 a - a +1,+1 quarterstaff (weapon)
Missiles
 d - 3 throwing nets (quivered)
 g - 11 darts of dispersal
 l - 12 darts
Armour
 b - a +0 leather armour (melded)
 c - a +0 helmet (worn)
 m - a cursed +2 cloak (melded)
 x - a +0 cap
 y - a +0 orcish ring mail
 A - a cursed +0 ring mail
Comestibles
 f - 5 bread rations
 i - a beef jerky
 n - a meat ration
 r - a rotting chunk of gnoll flesh
 B - 3 lychees
Scrolls
 e - a scroll of identify {unknown}
 p - 2 scrolls of curse jewellery {unknown}
Jewellery
 o - an uncursed amulet of resist mutation {unknown}
Potions
 j - a potion of degeneration {unknown}
 v - a potion of poison {unknown}


   Skills:
 + Level 2.6 Fighting
 * Level 4.1 Staves
 - Level 1.7 Throwing
 + Level 1.6 Armour
 + Level 3.4 Dodging


You had 4 spell levels left.
You didn't know any spells.

Dungeon Overview and Level Annotations

Branches:
Dungeon (5/16)
 Temple: D:4-7

Annotations:
D:4 Blork the orc


Message History

The orc priest invokes the aid of Beogh against you.
Something smites you!
* * * LOW HITPOINT WARNING * * *
Drink which item? (? for menu, Esc to quit)
It has a very clean taste.
It was a potion of cure mutation.
You feel yourself speed up.
The orc shouts!
The orc priest mumbles some strange prayers to Beogh against you.
You resist.
Unknown command.
Drink which item? (? for menu, Esc to quit)
You turn into an animated tree.
Your cursed +2 cloak melds into your body.
Your +0 leather armour melds into your body.
Your roots penetrate the ground.
It was a potion of lignification.
It'd take too long for a potion to reach your roots.
It'd take too long for a potion to reach your roots.
The orc priest mumbles some strange prayers to Beogh against you.
Something smites you!
You die...

#......#...####### .
#..........# ..
#..........# .
####....#### ..#### ####
##### ############ #...#
#..?..o..♣.####...########
.....o....................
.#####......)###..<#####.
#...............§...
###.....###...#####.
#...### ##### ## ##### #


You could see an orc priest and an orc.

Vanquished Creatures
  An orc priest (D:3)
  An orc wizard (D:4)
  Ijyb (D:4)
  3 gnolls (D:2)
  An adder (D:3)
  A giant eyeball (D:5)
  2 giant geckos
  6 orcs
  3 giant cockroaches
  5 hobgoblins
  3 jackals (D:3)
  A ball python (D:3)
  4 bats
  A giant newt (D:1)
  13 goblins
  5 kobolds
  A quokka (D:2)
  7 rats
59 creatures vanquished.

Notes
Turn   | Place    | Note
--------------------------------------------------------------
     0 | D:1      | 4tharraofdagon, the Demigod Gladiator, began the quest for the Orb.
     0 | D:1      | Reached XP level 1. HP: 17/17 MP: 2/2
   125 | D:2      | Reached skill level 3 in Staves
   146 | D:2      | Reached XP level 2. HP: 7/24 MP: 3/3
   223 | D:3      | Reached XP level 3. HP: 15/29 MP: 5/5
   313 | D:3      | Noticed a phantom
   346 | D:3      | Reached skill level 1 in Armour
   402 | D:5      | Entered Level 5 of the Dungeon
   412 | D:5      | Noticed a centaur
   415 | D:4      | Noticed Ijyb
   431 | D:4      | Killed Ijyb
   431 | D:4      | Reached XP level 4. HP: 11/37 MP: 7/7
   506 | D:4      | Noticed Blork the orc
   951 | D:2      | Reached skill level 4 in Staves
  1254 | D:4      | Reached XP level 5. HP: 23/42 MP: 8/8
  1264 | D:4      | Killed from afar by an orc priest

Action                   |  1- 3 |  4- 6 || total
-------------------------+-------+-------++-------
Melee: Quarterstaff      |    92 |    91 ||   183
  Use: Potion            |     2 |     4 ||     6
       Scroll            |       |    10 ||    10
 Stab: Sleeping          |     1 |       ||     1
